Map: Dusk Towers

Players

Manta - Winner!

  • Race: Zerg Zerg
  • League: Silver

TRaCer

  • Race: Terran Terran
  • League: Gold

VOD

Have the link to the VOD?

Description

Time

  • Played on: Feb. 16, 2016, 4:29 p.m.
  • Length: 10:08
Show
View Real Time Build Order
Export as new Build Order

Manta Zerg - Winner!

Build Orders: Hatch First 

Get SALT Encoding   

  12  0:03  Drone  
  13  0:11  Drone  
  14  0:15  Extractor  
  14  0:16  Drone  
  15  0:22  Overlord  
  15  0:40  Drone  
  15  0:41  Drone  
  17  0:50  Extractor  
  16  1:00  Hatchery  
  15  1:15  Drone x3  
  18  1:24  Spawning Pool  
  17  1:45  Overlord  
  17  1:57  Hatchery  
  17  2:00  Drone  
  17  2:11  Zergling x4  
  17  2:12  Zergling x2  
  20  2:19  Metabolic Boost  
  20  2:30  Queen  
  20  2:35  Drone  
  23  2:42  Drone x2  
  25  2:47  Drone  
  25  2:49  Drone  
  27  3:19  Queen  
  29  3:20  Queen  
  29  3:22  Drone x5  
  36  3:27  Extractor  
  36  3:32  Lair  
  35  3:45  Drone x2  
  35  3:46  Drone x3  
  40  3:50  Overlord  
  40  3:56  Drone  
  40  3:58  Overlord  
  41  4:05  Drone  
  41  4:15  Zergling x12  
  41  4:16  Zergling x2  
  48  4:23  Drone x2, Extractor  
  50  4:24  Drone  
  50  4:26  Extractor  
  49  4:32  Drone, Spine Crawler  
  49  4:42  Drone x4  
  53  4:53  Zergling x8  
  53  4:55  Overlord  
  53  4:56  Overlord  
  53  5:26  Drone x4  
  53  5:27  Drone x2  
  61  5:32  Spire  
  60  5:39  Drone x5  
  60  5:40  Drone x4  
  71  5:49  Queen  
  67  5:53  Overlord x2  
  67  5:55  Drone  
  70  6:16  Hatchery  
  70  6:17  Drone x3  
  70  6:18  Drone, Overlord  
  73  6:29  Queen  
  75  6:35  Drone  
  75  6:38  Drone  
  77  6:49  Mutalisk x5  
  77  6:50  Mutalisk x3  
  77  6:52  Overlord x2  
  77  6:53  Overlord  
  93  6:59  Pneumatized Carapace  
  86  7:18  Spore Crawler  
  86  7:21  Spore Crawler  
  84  7:38  Drone x7  
  84  7:39  Drone x6  
  84  7:40  Overlord x4  
  84  7:43  Zerg Flyer Armor Level 1  
  97  7:49  Infestation Pit  
  92  8:16  Mutalisk  
  92  8:17  Mutalisk x7  
  92  8:18  Mutalisk x3  
  114  8:21  Drone x6  
  114  8:22  Drone x6  
  114  8:23  Drone  
  114  8:25  Extractor  
  126  8:28  Extractor  
  126  8:29  Extractor  
  126  8:31  Extractor  
  123  8:38  Queen, Hive  
  125  8:44  Hatchery  
  125  8:45  Hatchery  
  123  8:51  Mutalisk x2  
  123  8:52  Overlord  
  123  8:53  Overlord x2  
  119  9:14  Queen  
  90  9:28  Mutalisk  
  90  9:29  Mutalisk x3  
  90  9:30  Zergling x10  
  90  9:31  Zergling x14  
  107  9:38  Zergling x2  
Show
View Real Time Build Order
Export as new Build Order

TRaCer Terran 

Build Orders: MMM Bio 

Get SALT Encoding   

  12  0:01  SCV  
  13  0:14  Supply Depot  
  13  0:17  SCV  
  14  0:25  Refinery  
  14  0:31  SCV  
  15  0:45  Barracks  
  15  0:47  SCV  
  16  0:59  SCV  
  17  1:11  Refinery, SCV  
  18  1:23  SCV  
  19  1:34  Supply Depot  
  19  1:35  Barracks Reactor  
  19  1:38  SCV  
  20  1:50  SCV  
  20  1:52  Factory  
  21  2:06  SCV  
  22  2:13  Marine  
  22  2:14  Marine  
  24  2:18  SCV  
  25  2:30  SCV  
  26  2:38  Barracks  
  26  2:42  Starport  
  26  2:43  Factory Tech Lab  
  26  2:47  Marine x2  
  28  3:05  Marine x2  
  30  3:14  SCV  
  30  3:16  Supply Depot  
  31  3:20  Starport Tech Lab  
  31  3:27  Engineering Bay  
  31  3:36  Barracks Reactor  
  31  3:37  Marine x2  
  31  3:39  Supply Depot  
  33  3:42  Medivac  
  33  3:46  High Capacity Fuel Tanks  
  35  3:53  Engineering Bay  
  35  3:55  Marine x2  
  37  4:00  Supply Depot  
  37  4:03  Supply Depot  
  37  4:11  Terran Infantry Weapons Level 1  
  37  4:13  Marine x2  
  39  4:25  Marine  
  39  4:27  Marine, Barracks  
  41  4:43  Terran Infantry Armor Level 1  
  41  4:46  Medivac  
  43  4:59  Marine x2  
  45  5:00  Marine x2  
  35  5:22  Marine  
  35  5:23  Marine x3  
  35  5:25  Barracks Tech Lab  
  39  5:33  Barracks  
  39  5:36  Supply Depot  
  39  5:59  Supply Depot  
  39  6:00  Stimpack  
  39  6:04  Marine x5  
  44  6:16  Armory  
  44  6:21  Marine x2  
  44  6:22  Marine  
  47  6:37  Marine x2  
  47  6:39  Marine  
  51  6:44  Barracks Reactor  
  50  6:54  Supply Depot  
  49  7:17  Supply Depot  
  49  7:21  Marine x7  
  47  7:35  Medivac, Terran Infantry Weapons Level 2  
  49  7:38  Marine  
  49  7:39  Marine x2  
  52  8:00  Combat Shields  
  47  8:30  Marine x5  
  47  8:31  Marine x2  
  54  8:48  Marine x7  
  61  9:06  Marine  
Tags
 
Composition
MMM Bio
Matchup
TvZ
Replay Pack
sc2 replays (2)
Add a new tag
Caveats
  • Supply blocks, unpowered buildings, or Contaminate may cause inaccurate times.
  • Supply counts are checked every 10 seconds.